[Event "FRA-ch Teams Top 16-B 2022"]
[Site "Chartres"]
[Date "2022.06.11"]
[Round "3.31"]
[White "Crut, Aurelien"]
[Black "Jaouen, Valentin"]
[Result "1-0"]
[ECO "C07"]
[WhiteElo "2355"]
[BlackElo "2121"]
[Annotator "TA"]
[PlyCount "59"]
[EventDate "2022.06.09"]
[EventType "team-tourn"]
[EventCountry "FRA"]
[SourceTitle "playchess.com"]
[Source "ChessBase"]
[SourceQuality "1"]
[TimeControl "40/5400+30:1800+30"]

1. e4 e6 2. d4 d5 3. Nd2 c5 4. Ngf3 a6 5. c3 Nc6 6. Bd3 cxd4 7. cxd4 dxe4 8. Nxe4 Bb4+ {[%emt 0:03:45] C07: French Tarrasch: 3...c5, 4 Ngf3 and 4 exd5 Qxd5.} 9. Bd2 Bxd2+ 10. Qxd2 Nf6 {[%emt 0:00:17] The position is equal.} 11. O-O O-O 12. Rad1 Nd5 13. Bb1 {[%emt 0:11:59] [#]} b6 $146 ({Predecessor:} 13... Nce7 14. Rfe1 b5 15. g3 Bb7 16. Nc5 Bc6 17. Qe2 Nf6 18. Ne5 Qd5 19. Ne4 Nxe4 20. Nxc6 Nxc6 21. Bxe4 {1-0 (26) Zdrazil,T (2142)-Dostal,R (2112) Jesenik 2019}) 14. Rfe1 Bb7 15. Neg5 g6 16. h4 Nf6 17. Qf4 Nh5 18. Qg4 Qf6 {[%emt 0:04:34] [#]} (18... Nf6 $11 {keeps the balance.} 19. Qh3 Ne7) 19. Nxh7 $1 Kxh7 20. Qxh5+ $1 Kg7 21. Qg4 {[%emt 0:01:25] White is more active.} Rh8 {[%emt 0:01:54] Inhibits h5.} (21... Ne7 $142) 22. Be4 $16 {[%emt 0:04:57] Strongly threatening Ng5.} Rad8 (22... Rab8 $16 23. d5 exd5) 23. Rc1 $18 Rc8 24. Rc3 {[%emt 0:01:20] Black must now prevent Ng5.} Qe7 (24... Na5 {is a better defense.} 25. Ng5 Rxc3 26. bxc3 b5 27. Bxb7 Nxb7) 25. Qf4 {[%emt 0:03:40] Hoping for Rec1.} Rh5 $2 (25... Nb4 26. Rxc8 Rxc8 27. Bxb7 Qxb7) 26. d5 {[%emt 0:02:23] White is clearly winning.} exd5 {[%emt 0:01:20] [#]} 27. Bxg6 Rxh4 (27... Qxe1+ 28. Nxe1) 28. Rxe7 (28. Qg3 $142 fxg6 29. Rxe7+ Nxe7 30. Qxh4) 28... Rxf4 29. Rxb7 Rxf3 (29... Nd8 $142 30. Rxc8 Nxb7) 30. gxf3 {[%emt 0:00:40] Weighted Error Value: White=0.57/Black=0.55} 1-0

[Event "FRA-ch Teams Top 16-B 2022"]
[Site "Chartres"]
[Date "2022.06.11"]
[Round "3.32"]
[White "Ruhlmann, Helene"]
[Black "Rollot, Florence"]
[Result "0-1"]
[ECO "B38"]
[WhiteElo "1779"]
[BlackElo "2017"]
[Annotator "TA"]
[PlyCount "56"]
[EventDate "2022.06.09"]
[EventType "team-tourn"]
[EventCountry "FRA"]
[SourceTitle "playchess.com"]
[Source "ChessBase"]
[SourceQuality "1"]
[TimeControl "40/5400+30:1800+30"]

1. c4 Nf6 2. Nc3 c5 3. Nf3 g6 4. d4 cxd4 5. Nxd4 Bg7 6. e4 d6 7. Be2 Nc6 8. Be3 Bd7 9. O-O O-O 10. h3 Ne8 {[%emt 0:06:22] B38: Sicilian: Maroczy Bind with 5...Bg7 and 7...0-0.} 11. Nf3 {[%emt 0:05:35] [#]} (11. f4 $14) 11... h6 $146 (11... Bxc3 $11 12. bxc3 Nf6) ({Predecessor:} 11... Qa5 12. Rc1 Bxc3 13. Rxc3 Qxa2 14. Qd2 Qa5 15. c5 Nf6 16. Bd3 d5 17. e5 Nh5 {1-0 (62) Filipovic,B (2330)-Trabattoni,F (2310) Graz 1981}) 12. Qd2 $16 Kh7 {[%emt 0:00:21] White is better.} 13. Rad1 Qa5 14. a3 (14. Rb1 $16) 14... Rc8 (14... Bxc3 $11 15. bxc3 (15. Qxc3 Qxc3 16. bxc3 Nf6 $11) 15... Nf6) 15. Qc1 Be6 (15... Bxc3 $14 16. bxc3 Nf6) 16. b4 Qc7 17. Nd5 Qb8 18. Qd2 b6 19. Rc1 Qb7 20. Ne1 ({Better is} 20. Rfe1 $16) 20... f5 21. exf5 Bxf5 22. Nf3 Nf6 23. b5 (23. Nxf6+ $14 Rxf6 24. Nh4) 23... Na5 $1 $11 {[%emt 0:01:27] [#] And now ...Nb3 would win.} 24. Qd1 {[%emt 0:01:27] Against Nb3} (24. Qb4 $14) 24... Nxd5 25. Qxd5 (25. cxd5 $11 Rxc1 26. Bxc1) 25... Qxd5 $17 26. cxd5 Be4 27. Rfd1 Bb2 28. Rxc8 Rxc8 {[%emt 0:00:02] Weighted Error Value: White=0.35/Black=0.19 (very precise)} 0-1

[Event "FRA-ch Teams Top 16-B 2022"]
[Site "Chartres"]
[Date "2022.06.12"]
[Round "4.1"]
[White "Esipenko, Andrey"]
[Black "Eugene, Floryan"]
[Result "1/2-1/2"]
[ECO "C54"]
[WhiteElo "2709"]
[BlackElo "2370"]
[Annotator "TA"]
[PlyCount "56"]
[EventDate "2022.06.09"]
[EventType "team-tourn"]
[EventCountry "FRA"]
[SourceTitle "playchess.com"]
[Source "ChessBase"]
[SourceQuality "1"]
[TimeControl "40/5400+30:1800+30"]

1. e4 e5 2. Nf3 Nc6 3. Bc4 Bc5 4. c3 Nf6 5. d3 d6 6. O-O O-O 7. Re1 a6 {[%emt 0:11:07] C54: Giuoco Piano: 4 c3 Nf6, main lines with 5 d4 and 5 d3.} 8. a4 Ba7 9. h3 h6 10. Nbd2 Re8 11. b4 $1 {[%emt 0:02:39] 11.b4 scores better than 11.Nf1.} Be6 12. Bxe6 Rxe6 13. Bb2 Re8 {[%emt 0:09:42] [#]} 14. Qc2 $146 ({Predecessor:} 14. Nf1 b5 15. Ng3 d5 16. Bc1 Qd7 17. Bd2 Rad8 18. Qc1 Qe6 19. exd5 Nxd5 20. d4 {½-½ (33) Goncharov,I (2367)-Babasyan,A (2300) ICCF email 2018}) 14... Qd7 15. Nf1 Nh5 16. b5 axb5 17. axb5 Ne7 18. c4 Ng6 19. d4 (19. Ne3 $11) 19... Nhf4 $1 $15 {[%emt 0:01:21][%cal Of4g2] And now ...Nxg2! would win.} 20. Ne3 {[%emt 0:16:27][%cal Bf1e3,Be3g2,Bg2f4][%mdl 32] [#]} Nxh3+ $1 21. gxh3 Qxh3 22. Nh2 exd4 ({Better is} 22... Bxd4 $15 23. Ng2 Bb6) 23. Ng2 $1 $11 Ne5 {[%emt 0:02:31][%mdl 1024] Black has compensation.} 24. Qd1 Bc5 ({But not} 24... Nxc4 25. Bxd4 Bxd4 26. Qxd4 Rxa1 27. Rxa1 $11) (24... Nd3 $15 25. Ra3 {[#]} Nxb2 $1 26. Rxh3 Nxd1 27. Rxd1 Bc5) 25. Nf4 {[%emt 0:03:05] The position is equal.} Qh4 26. Ng2 {[%emt 0:02:09] Really sharp!} Qh3 {[%emt 0:01:20] aiming for ...Rxa1.} 27. Nf4 Qh4 28. Ng2 Qh3 {[%emt 0:00:17] Weighted Error Value: White=0.08 (flawless) /Black=0.07 (flawless)} 1/2-1/2

[Event "FRA-ch Teams Top 16-B 2022"]
[Site "Chartres"]
[Date "2022.06.12"]
[Round "4.2"]
[White "Duboue, Peio"]
[Black "Moussard, Jules"]
[Result "1/2-1/2"]
[ECO "B06"]
[WhiteElo "2426"]
[BlackElo "2651"]
[Annotator "TA"]
[PlyCount "76"]
[EventDate "2022.06.09"]
[EventType "team-tourn"]
[EventCountry "FRA"]
[SourceTitle "playchess.com"]
[Source "ChessBase"]
[SourceQuality "1"]
[TimeControl "40/5400+30:1800+30"]

1. e4 g6 2. d4 Bg7 3. Nc3 d6 4. Be3 a6 5. Qd2 b5 6. h4 {[%emt 0:02:30] B06: Modern Defence.} h6 7. O-O-O Bb7 8. f3 {[%emt 0:01:40] White is slightly better.} Nd7 9. g4 Rc8 10. d5 c5 11. dxc6 Bxc6 {[%emt 0:03:15] [#]} 12. Nd5 $146 (12. Nge2 $14) ({Predecessor:} 12. Nge2 Qa5 13. Kb1 Ngf6 14. Nd4 Bb7 15. Bd3 Ne5 16. g5 hxg5 17. hxg5 Nh5 18. Qf2 Rxc3 19. bxc3 Qxc3 {0-1 (40) Van Foreest,J (2584)-Seliverstov,V (2464) Chess.com INT 2017}) 12... Bxd5 $11 13. Qxd5 Qc7 {[%emt 0:08:18][%csl Gc8][%cal Rc7c2] [#] Against Qb7} (13... Qa5 $5 14. Ne2 Ngf6 $11) 14. Qd2 {[%emt 0:02:56] Active counter play!} Nb6 15. Rh2 Na4 16. Bd4 Bxd4 17. Qxd4 Nf6 18. Bh3 (18. c3 $14) 18... g5 19. f4 {[%emt 0:08:13] [#]} (19. Bf1 $11 {remains equal.} Rg8 20. Kb1) 19... Nc5 (19... gxf4 $2 20. g5 e5 21. Qxd6 (21. Qb4 hxg5 22. Bxc8 Qxc8 $16) 21... Qxd6 22. Rxd6 Nxe4 23. Rxa6 $16) (19... Qa5 $1 $17 {Hoping for ...Rc4.} 20. hxg5 hxg5 21. fxg5 Rc4) 20. e5 Ne6 (20... dxe5 $11 21. Qxe5 (21. fxe5 Nfe4 $17) 21... gxf4) 21. exd6 $14 Nxd4 22. dxc7 Ne6 23. fxg5 hxg5 24. hxg5 Nd7 25. g6 fxg6 26. g5 (26. Rhd2 $5 Rxc7 27. Bg2 $14) 26... Rxc7 27. Rhd2 Ndf8 {[%emt 0:01:35] The position is equal.} 28. Bxe6 Nxe6 29. Nf3 O-O 30. Re1 Nf4 31. Nd4 Rc5 32. Ne6 Nxe6 33. Rxe6 $11 {[%emt 0:06:29][%mdl 4096] Endgame KRR-KRR} Rf1+ 34. Rd1 Kf7 {[%emt 0:00:56] Threatens to win with ...Rxd1+.} 35. Rxa6 Rff5 36. a4 bxa4 37. Rxa4 Rxg5 38. Re4 Rg2 {[%emt 0:03:01] Weighted Error Value: White=0.17 (very precise) /Black=0.11 (very precise)} 1/2-1/2

[Event "FRA-ch Teams Top 16-B 2022"]
[Site "Chartres"]
[Date "2022.06.12"]
[Round "4.3"]
[White "Gozzoli, Yannick"]
[Black "Di Nicolantonio, Lucas"]
[Result "1-0"]
[ECO "D31"]
[WhiteElo "2591"]
[BlackElo "2399"]
[Annotator "TA"]
[PlyCount "129"]
[EventDate "2022.06.09"]
[EventType "team-tourn"]
[EventCountry "FRA"]
[SourceTitle "playchess.com"]
[Source "ChessBase"]
[SourceQuality "1"]
[TimeControl "40/5400+30:1800+30"]

1. d4 d5 2. c4 c6 3. Nf3 Nf6 4. Nc3 dxc4 5. a4 e6 6. e4 Bb4 7. Bxc4 {[%emt 0:00:05] D31: Queen's Gambit Declined: Semi-Slav without ...Nf6 (+ Marshall Gambit and Noteboom) and Exchange Variation lines without ...Nf6.} (7. Bg5 $11 {should be considered.}) 7... Nxe4 $1 $15 8. O-O Nf6 9. Bg5 {[%emt 0:00:39] Black is slightly better. The modern move.} O-O 10. Qe2 {[%emt 0:02:03] [#]} h6 $146 ({Predecessor:} 10... Be7 11. Rad1 a5 12. Ne5 Na6 13. Rd3 Nd5 14. Bc1 f6 15. Ng4 f5 16. Ne5 Nab4 {1-0 (76) Nechaeva,M (2226)-Korbut,E (2459) Moscow 2008}) 11. Bh4 a5 12. Rad1 Be7 13. Ne5 Nd5 14. Bg3 Nd7 15. Bd3 Bb4 16. Bb1 ({Don't go for} 16. Qe4 $2 f5 17. Qe1 f4 18. Nxc6 bxc6 $19) 16... f5 ({Don't play} 16... Nxc3 17. bxc3 Be7 18. Bc2 $14) 17. Nxd5 cxd5 18. Nd3 Nf6 19. Nxb4 axb4 20. Rc1 Rxa4 21. Bc7 Qe8 (21... Qd7 $11) 22. Bd6 $36 {[%emt 0:02:25][%mdl 2048] White is more active.} Rf7 {[%emt 0:03:27] [#]} 23. Bxf5 $1 Ne4 24. Bxe4 dxe4 25. Qxe4 Bd7 26. Rfe1 {[%emt 0:03:19] 0x0.00166c6cd281dp-1022s more active pieces.} b3 27. Qxb7 Rxd4 28. Bg3 Bb5 29. Qb6 Rc4 30. Rcd1 {[%emt 0:04:36] aiming for Rd8.} Qc6 31. Qe3 Rd7 32. h3 Rxd1 33. Rxd1 Qe4 34. Qxb3 Bc6 35. f3 $1 Qc2 36. Rd8+ Kh7 37. Qxc2+ Rxc2 $16 {[%emt 0:00:03][%mdl 4096] Endgame KRB-KRB} 38. Rc8 Be4 39. Re8 Bd5 40. Be5 g5 41. Re7+ Kg6 42. Rg7+ Kf5 43. Bc3 h5 44. Rf7+ Kg6 45. Rf8 Re2 46. Rf6+ Kh7 47. g4 (47. Kh2 $16) 47... hxg4 $11 48. hxg4 Rc2 49. Rf8 Re2 50. Kf1 Bc4 51. Rc8 Bb5 52. Kg1 Bd3 (52... Kg6 $16) 53. Rh8+ Kg6 54. Rh2 {[%emt 0:01:33] And now Rxe2 would win.} Re3 {[%emt 0:01:00] [#]} 55. Kf2 Re2+ 56. Kg3 {[%emt 0:00:03] Black must now prevent Rxe2.} Rxh2 {[%emt 0:00:13] Black cannot hold the game after this.} (56... Re3 $16 {might work better.}) 57. Kxh2 $16 {[%emt 0:00:01] KB-KB} Bb5 $2 (57... Kf7 58. Kg3 Be2) 58. Kg3 $18 Bc6 59. f4 gxf4+ 60. Kxf4 Bb5 61. Bd2 Be2 {[%emt 0:00:25] [#]} 62. g5 $1 Kf7 63. Ke5 (63. b4 $142 e5+ 64. Kxe5 Bd3 65. Kd4 Bg6 66. Kd5 Bd3 67. Kc6 Be4+ 68. Kb6) 63... Ke7 64. b4 Bd3 65. Be3 {[%emt 0:00:05] Weighted Error Value: White=0.06 (flawless) /Black=0.26 (precise)} (65. Bf4 $142 Bb5 66. Bd2 (66. g6 Be8 $16)) 1-0

[Event "FRA-ch Teams Top 16-B 2022"]
[Site "Chartres"]
[Date "2022.06.12"]
[Round "4.4"]
[White "Real, Thibault"]
[Black "Cornette, Matthieu"]
[Result "1/2-1/2"]
[ECO "B17"]
[WhiteElo "2262"]
[BlackElo "2570"]
[Annotator "TA"]
[PlyCount "102"]
[EventDate "2022.06.09"]
[EventType "team-tourn"]
[EventCountry "FRA"]
[SourceTitle "playchess.com"]
[Source "ChessBase"]
[SourceQuality "1"]
[TimeControl "40/5400+30:1800+30"]

1. e4 c6 2. Nf3 d5 3. Nc3 dxe4 4. Nxe4 Nf6 5. Qe2 Nxe4 6. Qxe4 Nd7 7. Bc4 Nf6 8. Qe2 Bf5 9. d4 e6 10. O-O Be7 {[%emt 0:02:09] B17: Caro-Kann: Modern Line (4...Nd7).} 11. c3 O-O 12. Bg5 h6 {[%emt 0:09:50] [#]} 13. Bxf6 $146 ({Predecessor:} 13. Bf4 Nd5 14. Be5 Re8 15. Rad1 Bf8 16. Rfe1 b5 17. Bb3 a5 18. a3 a4 19. Ba2 Qb6 20. h3 {½-½ (25) Boricsev,O (2360)-Nguyen,A (2485) Budapest 1999}) 13... Bxf6 14. Rad1 Qc7 15. Rfe1 Rad8 16. Bd3 Bxd3 17. Rxd3 c5 18. dxc5 Rxd3 19. Qxd3 Qxc5 20. Rd1 b5 21. Qe3 Rc8 22. Rd7 (22. Qxc5 $11 {remains equal.} Rxc5 23. a3) 22... a5 (22... Qf5 $17 {White must now prevent ...Qb1+.} 23. Rd3 b4) 23. Qxc5 $11 {[%emt 0:04:22] The position is equal.} Rxc5 {[%emt 0:00:10][%mdl 4096] Endgame KRB-KRN} 24. Nd2 Bg5 25. g3 Rc8 26. h4 Bxd2 27. Rxd2 {[%emt 0:00:06] KR-KR} Kf8 28. Rd7 Rc5 29. Rb7 g5 30. hxg5 hxg5 31. Ra7 a4 32. Ra5 Ke7 33. c4 Rxc4 34. Rxb5 f5 35. b3 axb3 36. axb3 Rc1+ 37. Kg2 g4 38. Rb6 Kf6 39. Rb5 Rb1 40. Kh2 Ke7 41. Rb6 Kd7 42. Kg2 Re1 43. b4 Rd1 44. b5 Rd6 45. Rb7+ Kc8 46. Re7 Rb6 47. f3 $1 Kd8 48. Rg7 gxf3+ 49. Kxf3 Rxb5 50. Kf4 Ke8 51. Kg5 f4+ {[%emt 0:01:45] Weighted Error Value: White=0.06 (flawless) /Black=0.04 (flawless)} 1/2-1/2

[Event "FRA-ch Teams Top 16-B 2022"]
[Site "Chartres"]
[Date "2022.06.12"]
[Round "4.5"]
[White "Degraeve, Jean-Marc"]
[Black "Hutois, Mickael"]
[Result "1-0"]
[ECO "C50"]
[WhiteElo "2520"]
[BlackElo "2238"]
[Annotator "TA"]
[PlyCount "81"]
[EventDate "2022.06.09"]
[EventType "team-tourn"]
[EventCountry "FRA"]
[SourceTitle "playchess.com"]
[Source "ChessBase"]
[SourceQuality "1"]
[TimeControl "40/5400+30:1800+30"]

1. e4 e5 2. Nf3 Nc6 3. Bc4 Nf6 4. d3 Bc5 5. O-O O-O 6. Nbd2 {[%emt 0:02:01] C50: Hungarian Defence and Giuoco Pianissimo.} a5 7. h3 d6 {[%emt 0:01:26] [#]} 8. Re1 $146 {[%emt 0:01:21] The position is equal.} ({Predecessor:} 8. c3 Be6 9. Re1 Bxc4 10. Nxc4 Re8 11. Be3 b5 12. Ncd2 Bxe3 13. Rxe3 a4 14. a3 {1-0 (52) Andriasian,Z (2606)-Vachier Lagrave,M (2778) Chess.com INT 2020}) 8... Be6 9. Bxe6 fxe6 10. Nf1 Nh5 11. c3 Qf6 12. Be3 Nf4 13. d4 (13. Bxf4 $5 Qxf4 14. Qb3 $11) 13... exd4 (13... Ba7 $5 ) 14. cxd4 Bb4 (14... Ba7 $11) 15. Bxf4 $14 Qxf4 16. Re2 $36 {[%emt 0:00:31][%mdl 2048] And now a3 would win. White is more active.} a4 17. a3 Ba5 18. Qxa4 Bb6 19. Qc4 Qh6 {[%emt 0:03:19][%cal Of8f3] Hoping for ...Rxf3!} 20. N1d2 Ra5 (20... Rf4 $14) 21. b4 ({White should play} 21. d5 $1 Nd8 22. b4) 21... Rh5 $16 22. b5 Ne7 (22... Na5 $142 23. Qd3 Qg6) 23. a4 Ba5 24. Ra3 g5 $2 (24... d5 $16 {is a better defense.} 25. exd5 Nxd5) 25. Nh2 $1 $18 {[%emt 0:01:56] Black must now prevent Nb3.} d5 26. exd5 Nxd5 27. Ng4 Qg6 28. Ne5 Qg7 29. Ne4 {[%emt 0:01:38] Strongly threatening Nc5.} Qe7 30. Rg3 Rf5 31. Nc5 {[%emt 0:01:27] Pair of Knights!} Rh4 {[%emt 0:02:35] [#]} 32. Nxe6 $1 Qxe6 33. Nf3 $1 ({Stronger than} 33. Nc6 Re4 34. Rxe4 Qxe4 35. Nxa5 Qe1+ 36. Kh2 Qxa5 $11) 33... Qh6 34. Nxg5 Kf8 (34... Qxg5 $142 35. Qd3 Nf4 36. Qxf5 Nxe2+ 37. Kh2 Qxg3+ 38. fxg3 Rxd4 39. Qe6+ Kf8 40. Qxe2 Rxa4) 35. Ne6+ Kf7 36. Rf3 {[%emt 0:00:41][%mdl 64] Deflection} Rxf3 37. Qxd5 {[%emt 0:00:06] White wants to mate with Nf4+.} Rf6 {[%emt 0:00:12] [#]} 38. Nf4+ $2 (38. g4 $1 $18 c6 (38... Rxe6 39. Qd7+) 39. bxc6 $1 bxc6 40. Qd7+ Kg8 41. Qe8+ Rf8 42. Nxf8 Qxf8 43. Qd7 Rxh3 44. Re8) 38... Kg7 $11 39. Re7+ Kh8 40. Ne6 (40. Re8+ $11 Rf8 41. Qe5+ Kg8 42. Qd5+ Kh8 43. Qe5+ Kg8 44. Rxf8+ Kxf8 45. Qf5+ Kg8 46. Qd5+ Kh8 47. Qd8+ Kg7 48. Qe7+ Kg8 49. Nd5) 40... Rf8 $4 41. Qe5+ {[%emt 0:30:23] Weighted Error Value: White=0.53/Black=0.53} 1-0

[Event "FRA-ch Teams Top 16-B 2022"]
[Site "Chartres"]
[Date "2022.06.12"]
[Round "4.6"]
[White "Jaouen, Valentin"]
[Black "Movsesian, Sergei"]
[Result "0-1"]
[ECO "D02"]
[WhiteElo "2121"]
[BlackElo "2600"]
[Annotator "TA"]
[PlyCount "62"]
[EventDate "2022.06.09"]
[EventType "team-tourn"]
[EventCountry "FRA"]
[SourceTitle "playchess.com"]
[Source "ChessBase"]
[SourceQuality "1"]
[TimeControl "40/5400+30:1800+30"]

1. Nf3 Nf6 2. g3 d5 3. Bg2 c6 4. d4 Bf5 5. O-O e6 6. Re1 {[%emt 0:06:01] D02: 1 d4 d5 2 Nf3 sidelines, including 2...Nf6 3 g3 and 2...Nf6 3 Bf4.} Nbd7 7. c3 Be7 8. Bg5 {[%emt 0:02:18] The position is equal.} O-O {[%emt 0:01:53] [#]} 9. Nh4 $146 ({Predecessor:} 9. Nbd2 h6 10. Bxf6 Nxf6 11. Ne5 c5 12. e4 Bh7 13. dxc5 Bxc5 14. Nb3 Bd6 15. exd5 exd5 16. Bxd5 Nxd5 17. Qxd5 Qc7 18. Nc4 Rfd8 19. Nxd6 Rxd6 20. Qe5 Rc8 21. Qe8+ {1-0 (21) Draga,B (1842)-Kelemen,L (1568) Budapest 2009}) 9... Be4 10. Nd2 Bxg2 11. Nxg2 c5 12. e4 dxe4 13. dxc5 e3 14. Rxe3 (14. Nxe3 $11 Nxc5 15. Nb3) 14... Nd5 $17 {[%emt 0:05:37][%cal Bf6d5,Bd5e3,Be3d1][%mdl 32] Black keeps a firm grip on the game.} ({Much weaker is} 14... Nxc5 $6 15. Bxf6 Bxf6 16. Qc2 $11) (14... Bxc5 $6 15. Re2 $11) 15. Bxe7 Nxe3 ({Reject} 15... Qxe7 $6 16. Re1 $11) 16. Bxd8 Nxd1 17. Be7 Rfe8 ({And not} 17... Nxb2 18. Bxf8 Kxf8 19. Rb1 $15) 18. Rxd1 Rxe7 19. b4 a5 20. a3 axb4 21. axb4 Nf6 {[%emt 0:05:36] [#] Threatens to win with ...Rd7.} 22. Ne3 (22. Nc4 $17 {keeps fighting.}) 22... Rd7 $19 {[%emt 0:01:47] aiming for ...Ra2.} 23. Ndc4 $2 (23. Kf1) 23... Rxd1+ 24. Nxd1 {[%emt 0:00:05][%mdl 4096] Endgame KRN-KNN} Ra1 25. Nce3 Ne4 {[%emt 0:01:40] [#] ...Nxc3 is the strong threat.} 26. Kg2 Rc1 27. c4 Rb1 {[%emt 0:02:06] Prevents Nb2.} 28. Kf3 f5 29. b5 Nxc5 30. Nc3 Rb3 31. Ne2 g5 {[%emt 0:01:39] Weighted Error Value: White=0.32/Black=0.04 (flawless)} 0-1

[Event "FRA-ch Teams Top 16-B 2022"]
[Site "Chartres"]
[Date "2022.06.12"]
[Round "4.7"]
[White "Goldsztejn, Gildas"]
[Black "Le Pen, Steven"]
[Result "1-0"]
[ECO "A37"]
[WhiteElo "2413"]
[BlackElo "2090"]
[Annotator "TA"]
[PlyCount "69"]
[EventDate "2022.06.09"]
[EventType "team-tourn"]
[EventCountry "FRA"]
[SourceTitle "playchess.com"]
[Source "ChessBase"]
[SourceQuality "1"]
[TimeControl "40/5400+30:1800+30"]

1. Nf3 c5 2. c4 Nc6 3. Nc3 e5 4. g3 g6 5. Bg2 Bg7 6. O-O Nge7 7. a3 O-O 8. Rb1 a5 9. Ne1 d6 10. Nc2 Be6 11. Ne3 Rb8 12. Ned5 {[%emt 0:09:24] A37: Symmetrical English vs ...g6: 4 Bg2 Bg7 5 Nf3.} b6 ({Better is} 12... b5 $11) 13. d3 $14 Qd7 14. Re1 {[%emt 0:09:51] White is slightly better.} Bh3 15. Bh1 (15. Bxh3 {keeps more tension.} Qxh3 16. Qa4 Rfc8 17. Nxe7+ Nxe7 18. b4) 15... Nxd5 16. Nxd5 Ne7 {[%emt 0:02:11] [#]} 17. Nxe7+ $146 ({Predecessor:} 17. b4 Nxd5 18. Bxd5 Be6 19. Bg2 axb4 20. axb4 d5 21. Ba3 dxc4 22. bxc5 bxc5 23. dxc4 Rxb1 24. Qxb1 {½-½ (44) Coca,C (1929)-Patrascu,C (2275) Calimanesti Caciulata 2017}) 17... Qxe7 18. b4 Be6 19. bxa5 bxa5 20. Bd2 Rxb1 21. Qxb1 a4 22. Qb5 Bd7 23. Qb7 {[%emt 0:00:17] Strongly threatening Bc6.} Re8 24. Rb1 {[%emt 0:00:48][%cal Be1b1,Bb1b7,Bb7g7,Bg7h7][%mdl 32] White is more active.} f5 $2 {[%emt 0:08:04] Loses the game.} (24... Rc8 $16 {was necessary.} 25. Bd5 Qe8) 25. Qa7 $18 {[%emt 0:12:16] Black must now prevent Rb7.} Be6 (25... e4 $2 26. Rb7 $18) 26. Rb7 (26. Qxa4 Rd8 27. Rb7 Qf6 $18) 26... Qf6 (26... Qf8 {was worth a try.} 27. Bc6 (27. Qxa4 Kh8 $18) 27... Rc8) 27. Bc6 Rc8 {[%emt 0:03:07] [#]} 28. Bg5 $1 Qxg5 29. Rxg7+ Kf8 {[%emt 0:00:07] [#]} 30. Rxh7 $1 Qf6 {[%emt 0:01:29] Prevents Qg7+.} 31. Bxa4 {[%emt 0:02:24] Threatens to win with Bd7.} Bf7 (31... Bg8 $142 32. Rd7 e4) 32. Qd7 Ra8 33. Bc6 Rxa3 34. Qc8+ Ke7 35. Qe8# {[%emt 0:00:08] Weighted Error Value: White=0.04 (flawless) /Black=0.66} 1-0

[Event "FRA-ch Teams Top 16-B 2022"]
[Site "Chartres"]
[Date "2022.06.12"]
[Round "4.8"]
[White "Ruhlmann, Helene"]
[Black "Guichard, Pauline"]
[Result "0-1"]
[ECO "E49"]
[WhiteElo "1779"]
[BlackElo "2377"]
[Annotator "TA"]
[PlyCount "122"]
[EventDate "2022.06.09"]
[EventType "team-tourn"]
[EventCountry "FRA"]
[SourceTitle "playchess.com"]
[Source "ChessBase"]
[SourceQuality "1"]
[TimeControl "40/5400+30:1800+30"]

1. d4 Nf6 2. c4 e6 3. Nc3 Bb4 4. e3 O-O 5. Bd3 d5 6. Nge2 c5 7. a3 Bxc3+ 8. bxc3 b6 {[%emt 0:14:03] E49: Nimzo-Indian: Rubinstein: 5 Bd3 d5 6 a3 Bxc3+ 7 bxc3.} 9. O-O dxc4 10. Bxc4 Qc7 {[%emt 0:00:08] White has an edge.} 11. Ba2 Rd8 12. Bb2 {[%emt 0:03:12] [#]} c4 $146 (12... Ba6 $11) ({Predecessor:} 12... Ba6 13. Rc1 Nc6 14. c4 cxd4 15. exd4 Ng4 16. Ng3 Qf4 17. h3 Nf6 18. Ne2 Qh4 {0-1 (38) Rakhmanov,A (2653)-Mamedyarov,S (2799) Riadh 2017}) 13. Qc2 $14 Bb7 14. f3 {[%emt 0:01:34] Against Be4} e5 15. e4 Nbd7 16. Rad1 Rac8 17. Ng3 Nf8 18. Nf5 Ng6 {[%emt 0:03:24] [#]} (18... g6 $142) 19. a4 $1 $16 Ne7 20. Ne3 Ba6 21. Ba3 Ne8 (21... Re8 $16 22. d5 Ng6) 22. Ng4 (22. f4 $18) 22... Nc6 23. d5 Ne7 24. d6 (24. g3 $16) 24... Nxd6 $11 25. Nxe5 Nb7 26. Ng4 Nc5 27. Rd4 Nd3 28. Ne3 Ng6 29. Nd5 Qe5 30. Rd1 (30. g3 $16) 30... Re8 ({Black should play} 30... Kh8 $11) 31. Ne3 Qg5 $1 32. Qd2 Nge5 {[%emt 0:01:12] And now ...Nxf3+ would win.} 33. Rf1 Nf4 $2 (33... Qf4 $14) 34. Nd5 $18 Ned3 (34... Nh3+ {was called for.} 35. Kh1 Qxd2 36. Rxd2 Ng5 37. Ne7+ Rxe7) 35. Nxf4 Nxf4 {[%emt 0:00:03] [#]} 36. g3 $2 (36. Bc1 $1 $18 {is the precise move to win.}) 36... Ne6 $16 37. Qxg5 Nxg5 38. Kf2 b5 (38... Ne6 $16 {might work better.}) 39. a5 (39. Rd5 $18 Rcd8 40. Rfd1 (40. Rxg5 Rd2+ 41. Ke3 Rxa2 $14) (40. axb5 Bxb5 41. Rfd1 Ne6 $16)) 39... Ne6 40. Rd7 Rcd8 41. Rfd1 {[%emt 0:31:38] Hoping for R1d5.} Bc8 42. Rxd8 Rxd8 43. Rxd8+ Nxd8 {[%emt 0:00:00][%mdl 4096] Endgame KBB-KBN} 44. Bc5 Nc6 45. Bb1 f6 46. e5 f5 {[%emt 0:00:00] Against Be4} 47. f4 Kf7 48. Bc2 a6 49. Bb6 Be6 50. Bd1 Bd5 51. g4 g6 52. gxf5 gxf5 53. Bh5+ Ke6 54. Ke3 Be4 55. Be8 Ne7 {[%emt 0:00:00] ...Nd5+ is the strong threat.} 56. Bc5 $2 (56. Kd2 $1 $11 {and White is okay.}) 56... Nd5+ $19 57. Kd2 Nxf4 58. Bd4 $2 (58. Ke3 Nd3 59. Bb6) 58... Nd3 (58... Ke7 $142 59. Be3 Nd5) 59. Ke2 $2 (59. Bh5) 59... Nxe5 {[%emt 0:00:04] Threatens to win with ...f4.} 60. Bxe5 $2 (60. Kd2) 60... Kxe5 61. Bd7 Bb7 {[%emt 0:00:57] A wild game.  Weighted Error Value: White=0.47/Black=0.34} 0-1